 Dungeon Crawl Stone Soup version 0.30-a0-360-g447f08457e (webtiles) character file.

Game seed: 3428826074417126634

7 greasedhog the Shield-Bearer (level 2, -3/24 HPs)
             Began as a Formicid Fighter on Nov 14, 2022.
             Slain by a gnoll
             ... wielding a +0 spear of freezing
              (8 damage)
             ... on level 1 of the Dungeon.
             The game lasted 00:00:24 (201 turns).

greasedhog the Shield-Bearer (Formicid Fighter)      Turns: 201, Time: 00:00:25

Health: -3/24      AC:  6    Str: 20    XL:     2   Next: 5%
Magic:  2/2        EV:  9    Int:  7    God:
Gold:   59         SH:  5    Dex: 13    Spells: 1/1 levels left

rFire   . . .      SeeInvis +    a - +0 trident
rCold   . . .      Faith    .    c - +0 buckler
rNeg    . . .      Spirit   .    b - +0 scale mail
rPois   .          Reflect  .    (helmet unavailable)
rElec   .          Harm     .    (no cloak)
rCorr   .          Rampage  .    (no gloves)
Will    .....                    (no boots)
Stlth   ..........               (no amulet)
HPRegen 0.24/turn                (no ring)
MPRegen 0.08/turn                (no ring)

@: mighty
A: permanent stasis, dig shafts and tunnels, antennae 3, four strong arms
a: Dig, Shaft Self


You were on level 1 of the Dungeon.
You visited 1 branch of the dungeon, and saw 1 of its levels.

You collected 59 gold pieces.

Inventory:

Hand Weapons
 a - a +0 trident (weapon)
Armour
 b - a +0 scale mail (worn)
 c - a +0 buckler (worn)
Jewellery
 f - an amulet of guardian spirit
Scrolls
 e - a scroll of blinking {unknown}
 g - a scroll of enchant weapon {unknown}
Potions
 h - a potion of flight {unknown}


   Skills:
 * Level 3.4 Fighting
 * Level 2.2 Polearms
 + Level 3.3 Armour
 + Level 4.1 Shields


You had one spell level left.
You didn't know any spells.
Your spell library contained the following spells:

 Spells                   Type           Power      Damage    Failure   Level
 Dazzling Flash           Conj/Hex       0%         N/A       99%         3
 Iskenderun's Mystic Bla  Conj/Tloc      0%         2d3       100%        4
 Starburst                Conj/Fire      0%         6d3       100%        6


Dungeon Overview and Level Annotations

Branches:
Dungeon (1/15)

Altars:


Innate Abilities, Weirdness & Mutations

You cannot be hasted, slowed, berserked, paralysed or teleported.
You can dig through walls and to a lower floor.
You have a pair of large antennae on your head. (SInv)
Your four strong arms can wield two-handed weapons with a shield.


Message History

You are too injured to fight recklessly!
You are too injured to fight recklessly!
You are too injured to fight recklessly!
You are too injured to fight recklessly!
You are too injured to fight recklessly!
You are too injured to fight recklessly!
You are too injured to fight recklessly!
You are too injured to fight recklessly!
You are too injured to fight recklessly!
You are too injured to fight recklessly!
You are too injured to fight recklessly!
You are too injured to fight recklessly!
You are too injured to fight recklessly!
You are too injured to fight recklessly!
The rat attacks as you move away! The rat bites you but does no damage.
The rat attacks as you move away! You block the rat's attack.
The rat bites you but does no damage. The rat attacks as you move away!
The rat bites you but does no damage. The rat attacks as you move away!
The rat bites you but does no damage.
You feel very mighty all of a sudden. You block the rat's attack.
You barely miss the rat. The rat barely misses you.
You block the gnoll's attack.
You barely miss the rat. The rat closely misses you.
The gnoll closely misses you.
You puncture the rat!
You kill the rat!
The gnoll hits you from afar with a +0 spear of freezing.
The gnoll freezes you.
The gnoll hits you with a +0 spear of freezing.
* * * LOW HITPOINT WARNING * * *
The gnoll freezes you.
* * * LOW HITPOINT WARNING * * *
You see here a rat corpse.
You barely miss the gnoll. The gnoll barely misses you.
The gnoll hits you but does no damage.
You hit the gnoll.
The gnoll is heavily wounded.
The gnoll hits you with a +0 spear of freezing!
You die...

.....##.....####....# #.. #...<.
.............##...### #..#.....
................#.# #..##+###
...........)....g.# ♣........
...>.......†....### ♣........
.....>.........## #♣♣#♣.#.#
...............## ♣ #♣.#♣
...............g### .# ♣♣.#
................@.## ###.#### #..
.....##.......###..##)...#...##..
############.## ##..............#
#...# ##............## ###.###
#............## ###...#
##............## #.....#
#............##
#.....#######.##...#....####
#.........>.................


You could see a gnoll.

Vanquished Creatures
  2 endoplasms (D:1)
  A goblin (D:1)
  A bat (D:1)
  3 rats (D:1)
7 creatures vanquished.

Notes
Turn   | Place    | Note
-------+----------+-------------------------------------------
     0 | D:1      | greasedhog the Formicid Fighter began the quest for the
                  | Orb.
     0 | D:1      | Reached XP level 1. HP: 18/18 MP: 1/1
   131 | D:1      | Reached XP level 2. HP: 24/24 MP: 2/2
   201 | D:1      | Slain by a gnoll

Illustrated notes

Levels and vault maps discovered:
D:1:      saegor_arrival_under_anarchy, layout_rooms

Action                   || total
-------------------------++-------
Melee: Trident           ||    18
  Use: Potion            ||     1
Armor: Scale mail        ||     9
Dodge: Dodged            ||     8
Block: Buckler           ||     6

Table legend: (Time is in decaauts)
 A = Elapsed time spent in this place.
 B = Non-inter-level travel time spent in this place.
 C = Inter-level travel time spent in this place.
 D = Time resting spent in this place.
 E = Time spent auto-exploring this place.
 F = Levels seen in this place.
 G = Mean time per level.
                   A        B        C        D        E       F      G
               +--------+--------+--------+--------+--------+-----+--------+
         Total |    205 |    205 |      0 |      0 |    146 |   1 |  205.0 |
       Dungeon |    205 |    205 |      0 |      0 |    146 |   1 |  205.0 |
               +--------+--------+--------+--------+--------+-----+--------+

Top non-repeatable levels by time:
     D:1: 205 daAuts
